AoeStats
← ricky102603

Arabia

508643475Analyzed
1v1 RM · 10d ago on Sep 23, 2026· 25m 4s· 2 players
Game mode
Random Map
Map size
Tiny (2 player)
Population
200
Speed
Normal
Resources
Standard
Victory
Conquest
Starting age
Dark Age
Ending age
Imperial Age
RankedLock teamsTeams togetherTeam positionsShared explorationLock speedFull tech treeHidden civsTurbo modeCheats
Victory
Defeat
🇹🇼 Ethiopians · Taiwan
983
+14
🇨🇳 Mongols · China
938
-14
库吉特昌少可汗
8:59 Loom
11:00 Feudal Age
12:58 Double-Bit Axe
19:18 Castle Age
18:57 Bloodlines
22:36 Fletching
24:49 Husbandry
ricky102603
7:04 Loom
9:25 Feudal Age
12:52 Fletching
21:07 Castle Age
18:52 Horse Collar
21:19 Padded Archer Armor
21:14 Crossbowman
21:56 Bodkin Arrow
25:11 Leather Archer Armor
Connection lost

Rejoining the realm…

Still unreachable

The connection could not be restored.

Session expired

The server has moved on; the page needs a fresh start.